 Dungeon Crawl Stone Soup version 0.29-a0-221-gceb61267dd (webtiles) character file.

Game seed: 2030064751477404006

35 shoop the Vexing (level 3, 0/20 HPs)
             Began as a Deep Elf Arcane Marksman on Feb 27, 2022.
             Slain by an adder (4 damage)
             ... on level 2 of the Dungeon.
             The game lasted 00:01:31 (1094 turns).

shoop the Vexing (Deep Elf Arcane Marksman)         Turns: 1094, Time: 00:01:33

Health: 0/20       AC:  2    Str:  7    XL:     3   Next: 17%
Magic:  7/8        EV: 13    Int: 19    God:
Gold:   62         SH:  0    Dex: 15    Spells: 5/6 levels left

rFire   . . .      SeeInvis .   a - +0 shortbow
rCold   . . .      Faith    .   (shield currently unavailable)
rNeg    . . .      Spirit   .   b - +0 robe
rPois   .          Reflect  .   (no helmet)
rElec   .          Harm     .   (no cloak)
rCorr   .          Rampage  .   (no gloves)
Will    .....                   (no boots)
Stlth   ++........              (no amulet)
HPRegen 0.06/turn               (no ring)
MPRegen 0.11/turn               (no ring)

@: no status effects
A: no striking features
a: no special abilities


You were on level 2 of the Dungeon.
You visited 1 branch of the dungeon, and saw 2 of its levels.

You collected 62 gold pieces.

Inventory:

Hand Weapons
 a - a +0 shortbow (weapon)
Armour
 b - a +0 robe (worn)
Scrolls
 d - a scroll of teleportation {unknown}
 e - a scroll of amnesia {unknown}
 f - a scroll of enchant armour {unknown}
 h - a scroll of identify {unknown}
Potions
 c - a potion of haste {unknown}
 g - a potion of attraction {unknown}


   Skills:
 - Level 1.2 Fighting
 + Level 3.3 Bows
 + Level 2.9 Dodging
 + Level 1.5 Stealth
 - Level 2.2 Spellcasting
 - Level 4.0 Hexes


You had 5 spell levels left.
You knew the following spells:

 Your Spells              Type           Power      Damage    Failure   Level
a - Slow                  Hex            68%        N/A       3%          1

Your spell library contained the following spells:

 Spells                   Type           Power      Damage    Failure   Level
 Inner Flame              Hex/Fire       9%         N/A       22%         3
 Portal Projectile        Hex/Tloc       18%        N/A       22%         3
 Cause Fear               Hex            8%         N/A       30%         4


Dungeon Overview and Level Annotations

Branches:
Dungeon (2/15)

Altars:


Message History

You shoot an arrow. The arrow hits the kobold.
The kobold is heavily wounded.
The kobold completely misses you.
An adder comes into view.
The kobold misses you.
You shoot an arrow. The arrow hits the kobold.
You kill the kobold!
You shoot an arrow.
The arrow barely misses the frilled lizard.
The frilled lizard bites you.
The frilled lizard completely misses you.
You are too injured to fight recklessly!
The adder bites you.
* * * LOW HITPOINT WARNING * * *
Casting: Slow (safe; 3% risk of failure)
Confirm with . or Enter, or press ? or * to list all spells.
Aiming: Slow (safe; 3% risk of failure)
Press: ? - help, Shift-Dir - straight line, f - adder, p - frilled lizard
Aim: an adder (chance to affect: 65%)
The adder seems to slow down.
The adder bites you.
* * * LOW HITPOINT WARNING * * *
Shoot: a) +0 shortbow
Press: ? - help, Shift-Dir - straight line, f/p - adder
Aim: an adder (slow, 40% to hit)
You shoot an arrow. The arrow hits the adder.
The adder is moderately wounded.
The adder closely misses you.
Shoot: a) +0 shortbow
Press: ? - help, Shift-Dir - straight line, f/p - adder
Aim: an adder (moderately wounded, slow, 40% to hit)
You shoot an arrow. The arrow hits the adder.
The adder is almost dead.
The adder barely misses you.
Shoot: a) +0 shortbow
Press: ? - help, Shift-Dir - straight line, f/p - adder
Aim: an adder (almost dead, slow, 40% to hit)
You shoot an arrow. The arrow closely misses the adder.
The arrow barely misses the frilled lizard.
The adder bites you.
You die...

####### #..<..#
.# #.#.#.# .#
#.#...#..
#.#####. #.# .. #
#@# .##.#
#####.#S###)...#
.......l...#
................#
...........####.#
###......###
#.#.##.# #)#. #.#
. #. #.#


You could see an adder (slow) and a frilled lizard.

Vanquished Creatures
  3 dart slugs (D:1)
  2 bats (D:1)
  An endoplasm (D:1)
  A giant cockroach (D:1)
  2 goblins (D:1)
  2 hobgoblins (D:1)
  3 jackals (D:1)
  3 ball pythons (D:1)
  A frilled lizard (D:1)
  7 kobolds
  3 rats (D:1)
28 creatures vanquished.

Notes
Turn   | Place    | Note
-------+----------+-------------------------------------------
     0 | D:1      | shoop the Deep Elf Arcane Marksman began the quest for the
                  | Orb.
     0 | D:1      | Reached XP level 1. HP: 11/11 MP: 5/5
   218 | D:1      | Reached skill level 1 in Fighting
   240 | D:1      | Reached XP level 2. HP: 16/16 MP: 6/6
   288 | D:1      | Reached skill level 1 in Stealth
   767 | D:1      | Reached XP level 3. HP: 20/20 MP: 8/8
  1094 | D:2      | Slain by an adder

Illustrated notes

Levels and vault maps discovered:
D:1:      ncdulo_wetmaze, layout_loops_corners, st_stairs_13
D:2:      layout_basic, serial_shops, nicolae_shop_statue_plus,
          nicolae_shop_crystal, shop, shop, nicolae_shop_hallway_stairs,
          uniq_robin, uniq_terence

Skill      XL: |  1  2 |
---------------+-------+-----
Fighting       | 1 |  1.2
Bows           | 3 |  3.3
Stealth        | 1 |  1.5
Spellcasting   | 2 |  2.2
Dodging        | |  2.9
Hexes          | |  4.0

Action                   || total
-------------------------++-------
 Fire: Shortbow          ||    80
 Cast: Slow              ||     1
Armor: Robe              ||     4
Dodge: Dodged            ||    35

Table legend: (Time is in decaauts)
 A = Elapsed time spent in this place.
 B = Non-inter-level travel time spent in this place.
 C = Inter-level travel time spent in this place.
 D = Time resting spent in this place.
 E = Time spent auto-exploring this place.
 F = Levels seen in this place.
 G = Mean time per level.
                   A        B        C        D        E       F      G
               +--------+--------+--------+--------+--------+-----+--------+
         Total |   1127 |   1101 |     26 |      0 |    952 |   2 |  563.5 |
       Dungeon |   1127 |   1101 |     26 |      0 |    952 |   2 |  563.5 |
               +--------+--------+--------+--------+--------+-----+--------+

Top non-repeatable levels by time:
     D:1: 1089 daAuts
     D:2: 37 daAuts
